Cogmind - Beta 9.4 @@@ ROGUE MODE // 2020.01.30 @ 23:43:49 Player: SpaceKatdet Result: Destroyed by G-34 Mercenary with Small Laser Performance ------------- Evolutions (1) 500 Regions Visited (2) 400 Robots Destroyed (9) 45 Value Destroyed (350) 350 Prototype IDs (0) 0 Alien Tech Used (0) 0 Bonus (0) 0 TOTAL SCORE: 1295 Bonus ------- None Cogmind --------- Core Integrity 0/400 Matter 223/300 Energy 99/100 System Corruption 5% Temperature Cool (6) Movement Core (100) Ox1 Location -9/Materials Parts ------- > --- POWER (1) -------- (None) > --- PROPULSION (2) --- (None) > --- UTILITY (4) ------ Small Storage Unit > --- WEAPON (2) ------- (None) > --- INVENTORY (6) ---- Light Treads Light Treads Aluminum Leg Aluminum Leg Peak State ------------ > --- POWER ------------ (None) > --- PROPULSION ------- Aluminum Leg Aluminum Leg > --- UTILITY ---------- Small Storage Unit Large Battery Improved Sensor Array High-powered Tractor Beam > --- WEAPON ----------- Improved Light Cannon Grenade Launcher > --- INVENTORY -------- Light Treads Light Treads Aluminum Leg Aluminum Leg Welding Torch [Rating: 11] Favorites ----------- Power Ion Engine Engine Ion Engine Propulsion Aluminum Leg Leg Aluminum Leg Utility Small Storage Unit Device Improved Sensor Array Storage Small Storage Unit Weapon Assault Rifle Ballistic Gun Assault Rifle Ballistic Cannon Improved Light Cannon Launcher Grenade Launcher Special Weapon Welding Torch Build | -11 -10 -9 ------- Run | Scr Mat Mat Slots Evolved 2 | . . 2 Power . | . . . Propulsion . | . . . Utility 2 | . . 2 Weapon . | . . . Parts Attached 16 | 6 2 8 Power 2 | 1 1 . Engine 2 | 1 1 . Core . | . . . Reactor . | . . . Propulsion 4 | 2 . 2 Treads . | . . . Leg 4 | 2 . 2 Wheel . | . . . Hover . | . . . Flight . | . . . Utility 4 | 1 1 2 Device 2 | . . 2 Storage 2 | 1 1 . Processor . | . . . Hackware . | . . . Protection . | . . . Artifact . | . . . Weapon 6 | 2 . 4 Energy Gun . | . . . Energy Cannon . | . . . Ballistic Gun 2 | 2 . . Ballistic Cannon 2 | . . 2 Launcher 1 | . . 1 Special Weapon 1 | . . 1 Impact Weapon . | . . . Slashing Weapon . | . . . Piercing Weapon . | . . . Special Melee Weapon . | . . . Unidentified Prototypes . | . . . Parts Lost 13 | . 1 12 Power 2 | . 1 1 Propulsion 3 | . . 3 Utility 3 | . . 3 Weapon 5 | . . 5 Highest Loss Streak 7 | . 1 7 Average Slot Usage (%) 81 | . 96 68 Engine 8 | . 12 4 Leg 21 | . 28 15 Device 5 | . . 11 Storage 23 | . 25 21 Ballistic Gun 18 | . 28 10 Ballistic Cannon 1 | . . 2 Launcher 1 | . . 3 Naked Turns . | . . . Heaviest Build 16 | 10 15 16 Greatest Support 20 | 20 20 20 Greatest Overweight (x) 3 | . . 3 Average Overweight (x) . | . . . Largest Inventory Capacity 6 | 6 6 6 Average Capacity 5 | 4 6 6 Most Carried 6 | 3 5 6 Average Carried 4 | 1 3 5 Final Capacity 6 | 6 6 6 Final Carried 5 | 3 5 4 Class Distribution -------------------- 100% | Mutant Dominant Class ---------------- Mutant | -10/Materials Mutant | -9/Materials Resources | -11 -10 -9 ----------- Run | Scr Mat Mat Matter Collected 413 | 249 74 90 Remotely . | . . . Salvage Created 241 | . 74 167 Parts 12 | . 5 7 Haulers Intercepted . | . . . Recyclers Shooed . | . . . Parts Field Recycled . | . . . Retrieved Matter . | . . . Parts Self-Destructed . | . . . Prevented . | . . . Kills | -11 -10 -9 ------- Run | Scr Mat Mat Combat Hostiles Destroyed 7 | . 2 5 Guns 4 | . 2 2 Cannons 2 | . . 2 AOE 1 | . . 1 Classes Destroyed 5 | . 1 4 Operator 1 | . . 1 Watcher 1 | . . 1 Grunt 5 | . 2 3 Duelist 1 | . . 1 Sentry 1 | . . 1 Best Kill Streak 4 | . 2 4 Combat Bots Only 2 | . 2 2 Max Kills in Single Turn 1 | . 1 1 Gunslinging . | . . . Exploded 1 | . . 1 Melee . | . . . Uniques/NPCs Destroyed . | . . . Combat | -11 -10 -9 -------- Run | Scr Mat Mat Damage Taken 1583 | . 408 1175 Core 445 | . 43 402 Absorbed by Shields . | . . . Core Remaining (%) 91 | 100 82 . Volleys Fired 48 | . 12 36 Largest 2 | . 2 2 Hottest 69 | . 40 69 Shots Fired 67 | . 24 43 Gun 46 | . 24 22 Cannon 11 | . . 11 Launcher 7 | . . 7 Special 3 | . . 3 Kinetic 57 | . 24 33 Thermal 3 | . . 3 Explosive 7 | . . 7 Electromagnetic . | . . . Robot Hit Streak 14 | . 10 14 Robot Miss Streak 3 | . 3 2 Penetration Max . | . . . Secondary Targets 1 | . 1 . Max Gunslinging Chain 1 | . 1 . Shots Hit Robots 43 | . 15 28 Core Hits 28 | . 7 21 Critical Hits . | . . . Critical Kills . | . . . Critical Parts Destroyed . | . . . Melee Attacks . | . . . Impact . | . . . Slashing . | . . . Piercing . | . . . Sneak Attacks . | . . . Combat Hostiles . | . . . Follow-up Attacks . | . . . Damage Inflicted 773 | . 184 589 Guns 374 | . 184 190 Cannons 120 | . . 120 Explosions 246 | . . 246 Melee . | . . . Ramming 23 | . . 23 Kinetic 494 | . 184 310 Thermal 10 | . . 10 Explosive 246 | . . 246 Electromagnetic . | . . . Impact . | . . . Slashing . | . . . Piercing . | . . . Highest Corruption 5 | . . 5 Average Corruption 5 | . . 5 Corruption Purged . | . . . Overload Shots . | . . . Overflow Damage 14 | . . 14 Projectiles . | . . . Explosions 14 | . . 14 Melee . | . . . Knockbacks 1 | . . 1 Impact . | . . . Kinetic 1 | . . 1 Secondary . | . . . Self-Inflicted Damage 90 | . . 90 Shots 3 | . . 3 Rammed 9 | . . 9 Targets Rammed 9 | . . 9 Kicked . | . . . Crushed . | . . . Highest Temperature 25 | . 25 6 Average Temperature 7 | . 10 2 Received Heat Transfer 663 | . 168 495 Siege Activations . | . . . Robots Corrupted . | . . . Combat Hostiles . | . . . Parts Fried . | . . . Impact Corruptions . | . . . Robots Melted . | . . . Combat Hostiles . | . . . Parts Melted . | . . . Heat Transferred 75 | . . 75 Parts Sabotaged . | . . . Parts Stolen . | . . . Parts Stripped . | . . . Power Chain Reactions . | . . . Missiles Intercepted . | . . . Alert | -11 -10 -9 ------- Run | Scr Mat Mat Peak Influence 188 | . 74 188 Average Influence 48 | . 35 72 Maximum Alert Level . | . . . Low Security (%) 100 | 100 100 100 Level 1 . | . . . Level 2 . | . . . Level 3 . | . . . Level 4 . | . . . Level 5 . | . . . High Security . | . . . Max Security . | . . . Squads Dispatched 2 | . 1 1 Investigation . | . . . Extermination . | . . . Reinforcement 2 | . 1 1 Assault . | . . . Garrison . | . . . Intercept . | . . . Construction Impeded . | . . . Haulers Reinforced . | . . . Stealth | -11 -10 -9 --------- Run | Scr Mat Mat Distress Signals 2 | . 1 1 Communications Jammed . | . . . Distress Signals . | . . . Times Spotted 18 | . 7 11 Peak Tracking Total 6 | . 6 5 Tactical Retreats . | . . . Traps | -11 -10 -9 ------- Run | Scr Mat Mat Traps Triggered . | . . . Indirectly . | . . . Trap Hack Attempts . | . . . Triggered . | . . . Disarmed . | . . . Reprogrammed . | . . . Reused . | . . . Traps Extracted . | . . . Installed . | . . . Triggered . | . . . Machines | -11 -10 -9 ---------- Run | Scr Mat Mat Machines Disabled 3 | . . 3 Max in Single Turn 2 | . . 2 Machines Sabotaged . | . . . Garrisons Compromised . | . . . Overloaded Fab Kills . | . . . Fab Network Shutdowns . | . . . Hacking | -11 -10 -9 --------- Run | Scr Mat Mat Machines Accessed 4 | . 2 2 Terminals 2 | . 2 . Fabricators . | . . . Repair Stations . | . . . Recycling Units 1 | . . 1 Scanalyzers 1 | . . 1 Garrison Access . | . . . Total Hacks 9 | . 5 4 Successful 8 | . 4 4 Failed 1 | . 1 . Catastrophic . | . . . Database Lockouts . | . . . Manual . | . . . Terminals 5 | . 5 . Fabricators . | . . . Repair Stations . | . . . Recycling Units 2 | . . 2 Scanalyzers 2 | . . 2 Garrison Access . | . . . Terminal Hacks 4 | . 4 . Record 4 | . 4 . Fabricator Hacks . | . . . Repair Station Hacks . | . . . Recycling Unit Hacks 2 | . . 2 Report Inventory 1 | . . 1 Retrieve Components 1 | . . 1 Scanalyzer 2 | . . 2 Insert Component 1 | . . 1 Analyze 1 | . . 1 Garrison Access Hacks . | . . . Unauthorized Hacks . | . . . Terminals . | . . . Fabricators . | . . . Repair Stations . | . . . Recycling Units . | . . . Scanalyzers . | . . . Garrison Access . | . . . Data Cores Recovered . | . . . Used . | . . . Hacking Detections 2 | . 2 . Full Trace Events . | . . . Feedback Events . | . . . Feedback Blocked . | . . . Robot Schematics Acquired . | . . . Robots Built . | . . . Matter . | . . . Time . | . . . Total Robot Build Rating . | . . . Part Schematics Acquired 1 | . . 1 Parts Built . | . . . Matter . | . . . Time . | . . . Total Part Build Rating . | . . . Parts Repaired . | . . . Time . | . . . Parts Recycled . | . . . Recycled Matter . | . . . Retrieved Matter . | . . . Retrieved Components 3 | . . 3 Parts Scanalyzed 1 | . . 1 Part Schematics Acquired 1 | . . 1 Parts Damaged . | . . . Bothacking | -11 -10 -9 ------------ Run | Scr Mat Mat Used RIF Installer . | . . . Robots Hacked . | . . . Non-combat . | . . . Combat . | . . . Robot Hacks Applied . | . . . Relay Couplers Released . | . . . Robots Rewired . | . . . Allies Hacked . | . . . Hacks Repelled . | . . . Allies | -11 -10 -9 -------- Run | Scr Mat Mat Total Allies . | . . . Largest Group . | . . . Highest-Rated Group . | . . . Highest-Rated Ally . | . . . Total Orders . | . . . Ally Attacks . | . . . Total Damage . | . . . Kills . | . . . Allies Corrupted . | . . . Allies Melted . | . . . Intel | -11 -10 -9 ------- Run | Scr Mat Mat Robot Analysis Total . | . . . Derelict Logs Recovered . | . . . Drone Launches . | . . . Drone Recoveries . | . . . Exploration | -11 -10 -9 ------------- Run | Scr Mat Mat Turns Passed 589 | 73 239 277 Spaces Moved 352 | 52 167 133 Core 20 | 5 . 15 Treads . | . . . Legs 332 | 47 167 118 Wheels . | . . . Hover . | . . . Flight . | . . . Fastest Speed 50 | 50 120 100 Average Speed 121 | 113 120 125 Slowest Speed 200 | 120 120 200 Overloaded Moves . | . . . Propulsion Burnouts . | . . . Robots Hopped . | . . . Cave-ins Triggered . | . . . Exploration Rate (%) 16 | 3 35 10 Regions Visited 2 Branch Regions . Pre-discovered Areas . | . . . Known Exits Taken . | . . . Unknown Exits Taken 2 | 1 1 . Scrap Searched . | . . . Spaces Dug 7 | . . 7 Terrain Destroyed 52 | . . 52 Melee . | . . . Projectile . | . . . AOE 52 | . . 52 Actions | -11 -10 -9 --------- Run | Scr Mat Mat Total 448 | 66 184 198 Wait 8 | . . 8 Move 350 | 51 166 133 Hop . | . . . Pick Up 17 | 9 4 4 Fast Attach 3 | . . 3 Attach 13 | 6 2 5 Detach . | . . . Swap . | . . . Drop . | . . . Fire 48 | . 12 36 Melee . | . . . Ram 9 | . . 9 Kick . | . . . Crush . | . . . Escape Stasis . | . . . Rewire . | . . . Trap . | . . . Miscellaneous . | . . . Route ------- -11/Scrapyard -10/Materials (discovered 2 exits: *Mat x2) -9/Materials History --------- Turn | Location | Event 3 | -11/Scrapyard | Discovered new exit (range 15) 74 | -11/Scrapyard | Entered Materials 215 | -10/Materials | Discovered new exit (range 10) 278 | -10/Materials | Discovered new exit (range 10) 300 | -10/Materials | Build established: Mutant 313 | -10/Materials | Entered another Materials area 313 | -9/Materials | Evolved 2 slots: Utility x2 466 | -9/Materials | Lost 4 parts (1p2n1w) 572 | -9/Materials | Core integrity fell below 50% 585 | -9/Materials | Core integrity fell below 20% 590 | -9/Materials | Destroyed by G-34 Mercenary with Small Laser Last Messages --------------- 00576_ U-05 Engineer lays Concrete. 00578_ Slammed into G-34 Mercenary. 00578_ Lrg. Battery destroyed. 00579_ U-05 Engineer lays Concrete. 00579_ Slammed into G-34 Mercenary. 00580_ U-05 Engineer lays Concrete. 00580_ Slammed into G-34 Mercenary. 00581_ Imp. Sensor Array destroyed. 00581_ System corrupted by crushing effect (+5). 00581_ Destabilizing: Core damaged (-12). 00582_ U-05 Engineer lays Concrete. 00582_ Slammed into G-34 Mercenary. 00582_ Destabilizing: Core damaged (-16). 00583_ U-05 Engineer lays Concrete. 00583_ Slammed into G-34 Mercenary. 00584_ U-05 Engineer lays Concrete. 00584_ Slammed into U-05 Engineer. 00587_ U-05 Engineer lays Concrete. 00588_ Slammed into G-34 Mercenary. 00590_ U-05 Engineer lays Concrete. Map ----- +----------------------------------------------------+ | | | | | | | | | | | | | | | | | | | # ###???????????????????????????????????????????? | | # [ ##??????????????????????????????????????????? | | % ####????########???????????????????????????? | | #????# #???????????????????????????? | | T" #????#""[ #???????????????????????????? | | #????#"Y #???????????????????????????? | | =] #????#""[ ######??????????????????????? | | =] #????# ## # ####???????????????????? | | = =#????# #???????????????????? | | ########+##+ #???????????????????? | | + # =##??????????????????? | | ####+############### # ! # #??????????????????? | | ??????????????????## / # #??????????????????? | | ??????????????????# # *%! #??????????????????? | | ??????????????????# g g ##??????????????????? | | ??????????????????# ### #???????????????????? | | ??????????????????## ### @g!##???????????????????? | | ???????????????????# #?# #????????????????????? | | ???????????????????# #?# u #???????????????????? | | ???????????????????# #?# #???????????????????? | | ???????????????????# #?# u #???????????????????? | | ???????????????????? ??# #???????????????????? | | ???????????????????? ??# #???????????????????? | | ???????????????????? ??# # ???????????????????? | | ???????????????????? ??# # ??????????????????? | | ???????????????????? ??####+# ??????????????????? | | ???????????????????? ????????? ?????????????????? | | ???????????????????? ????????? ?????????????????? | | ??????????????????????????????? #????????????????? | | ????????????????????????????????#????????????????? | | ?????????????????????????????????????????????????? | | ?????????????????????????????????????????????????? | | ?????????????????????????????????????????????????? | | ?????????????????????????????????????????????????? | | ?????????????????????????????????????????????????? | | ?????????????????????????????????????????????????? | | ?????????????????????????????????????????????????? | | ?????????????????????????????????????????????????? | | ?????????????????????????????????????????????????? | | ?????????????????????????????????????????????????? | | ?????????????????????????????????????????????????? | +----------------------------------------------------+ Best States ------------- Heat Dissipation 28 Energy Generation 10 Energy Capacity 550 Matter Stores 300 Matter Capacity 300 Sight Range 16 Robot Scan Range 13 Terrain Scan Density 10 Evasion (%) 40 Item Schematics ----------------- Grenade Launcher | -9/Materials | Scanalyzed Robot Schematics ------------------ None Fabricated ------------ Nothing Alien Tech Used ----------------- None Achievements -------------- None Challenges ------------ None Game ------ Seed AntimatterMassFlamer Manual? 0 Play Time 00:16:29 Cumulative 5.4 hours Start 2020.01.30 @ 23:30:39 End 2020.01.30 @ 23:43:49 Sessions 1 Manual Loads 0 Difficulty Rogue Special Mode None Game No. 19 Rogue 19 Adventurer 0 Explorer 0 Win Type - Total 0 Types 0/0/0/0/0/0/0 Lore% 11 Gallery% 15 Achievement% 15 Wizard Run 0 Options --------- ASCII 1 Keyboard 0 Movement Mouse Keybinds 0 Fullscreen 0 Font 16/SmallcapsGlow Map View 76x50 Tactical HUD 1 Map Filters NONE Filters NONE Steam 1 RUN: b1257909-3677-46cc-94c7-a68503e4f82e